 Dungeon Crawl Stone Soup version 0.30.0-29-ga12c61a403 (webtiles) character file.

Game seed: 11661214169947868267

1974 H0rd4k the Cutter (level 9, -1/69 HPs)
             Began as a Human Artificer on June 20, 2023.
             Was an Initiate of Gozag.
             Slain by a gnoll sergeant
             ... wielding a +0 glaive
              (18 damage)
             ... in a bailey.
             The game lasted 00:08:10 (5296 turns).

H0rd4k the Cutter (Human Artificer)                 Turns: 5296, Time: 00:08:10

Health: -1/69      AC:  6    Str: 19    XL:     9   Next: 43%
Magic:  9/9        EV: 11    Int: 21    God:    Gozag
Gold:   564        SH:  0    Dex: 14    Spells: 8/8 levels left

rFire   + . .        e - +1 rapier (drain)
rCold   . . .        (no shield)
rNeg    . . .        v - +0 scale mail {rF+}
rPois   .            (no helmet)
rElec   .            (no cloak)
rCorr   .            (no gloves)
SInv    .            (no boots)
Will    .....        i - amulet of faith
Stlth   +            p - +6 ring of strength
HPRegen 0.31/turn    k - +6 ring of intelligence
MPRegen 0.11/turn

%: faith
@: on berserk cooldown, slowed, very slow
A: no striking features
a: Renounce Religion, Potion Petition, Call Merchant, Bribe Branch


You were in a bailey.
You worshipped Gozag.
Gozag was pleased with you.
You visited 2 branches of the dungeon, and saw 8 of its levels.
You also visited: Bailey.

You collected 681 gold pieces.
You paid 117 gold pieces to Gozag.

Inventory:

Hand Weapons
 e - a +1 rapier of draining (weapon)
Missiles
 f - 7 throwing nets
 q - 7 poisoned darts
Armour
 v - a +0 scale mail of fire resistance (worn)
Jewellery
 i - an amulet of faith (around neck)
 j - a ring of resist corrosion
 k - a +6 ring of intelligence (right hand)
 p - a +6 ring of strength (left hand)
Wands
 u - a wand of roots (2)
Scrolls
 c - a scroll of enchant armour {unknown}
 h - a scroll of immolation {unknown}
 n - 3 scrolls of magic mapping
 r - a scroll of vulnerability {unknown}
 w - a scroll of noise
 x - a scroll of teleportation
 y - a scroll of blinking
 A - a scroll of amnesia {unknown}
Potions
 a - a potion of might {unknown}
 g - 2 potions of curing
 l - a potion of degeneration
 m - a potion of cancellation {unknown}
 o - 2 potions of resistance {unknown}
 s - a potion of invisibility {unknown}
 t - a potion of attraction {unknown}
 z - a potion of berserk rage
 B - a potion of mutation {unknown}


   Skills:
 + Level 5.8 Fighting
 + Level 6.4 Short Blades
 - Level 4.0 Maces & Flails
 - Level 2.0 Armour
 + Level 3.7 Dodging
 + Level 2.5 Stealth
 + Level 5.5 Evocations


You had 8 spell levels left.
You didn't know any spells.
Your spell library contained the following spells:

 Spells                   Type           Power      Damage    Failure   Level
 Magic Dart               Conj           0%         1d3       47%         1
 Necrotise                Necr           0%         1d4       47%         1
 Call Imp                 Summ           0%         N/A       63%         2
 Inner Flame              Hex/Fire       0%         N/A       85%         3
 Mephitic Cloud           Conj/Pois/Air  0%         N/A       85%         3
 Vampiric Draining        Necr           0%         2d6       85%         3
 Volatile Blastmotes      Fire/Tloc      0%         2d10      85%         3
 Fulminant Prism          Conj/Hex       0%         3d5       99%         4
 Iskenderun's Mystic Bla  Conj/Tloc      0%         2d3       99%         4
 Agony                    Necr           0%         N/A       100%        5
 Lee's Rapid Deconstruct  Erth           0%         3d4*      100%        5
 Yara's Violent Unravell  Hex/Tmut       0%         3d3       100%        5
 Enfeeble                 Hex            0%         N/A       100%        7


Dungeon Overview and Level Annotations

Branches:
Dungeon (7/15)             Temple (1/1) D:4          Bailey (1/1)

Altars:
Cheibriados
Elyvilon
Fedhas
Gozag
Hepliaklqana
Kikubaaqudgha
Makhleb
Qazlal
Sif Muna
Uskayaw
Vehumet
Wu Jian
Zin

Shops:
D:3 [

Annotations:
D:4 exclusion: downstairs
D:5 exclusion: downstairs
D:6 1 runed translucent door, Crazy Yiuf


Message History

* * * LOW HITPOINT WARNING * * *
You hit the gnoll sergeant. You drain the gnoll sergeant.
You kill the gnoll sergeant!
The gnoll completely misses you.
You are too berserk!
You are too berserk!
You are no longer berserk.
You are exhausted.
You feel yourself slow down.
Aiming: Fastroot
Press: ? - help, Shift-Dir - straight line, f - gnoll bouda
Aim: a gnoll bouda, wielding a +0 spear and wearing a +0 ring mail The roots erupt in riotous growth!
Roots grab the gnoll bouda.
Roots grab the gnoll sergeant.
The grasping roots constrict the gnoll sergeant.
The grasping roots constrict the gnoll bouda.
You hear a howl!
You hear a shout! x2; You hear a howl! x2
The gnoll bouda barely misses you.
The gnoll bouda hits you from afar with a +0 spear!
* * * LOW HITPOINT WARNING * * *
You hear a howl!
You hear a shout!
You hear a howl!
You hear a shout!
The grasping roots constrict the gnoll sergeant.
The grasping roots constrict the gnoll bouda!
You hear a shout! x2
The roots release their grip on the gnoll sergeant.
The roots release their grip on the gnoll bouda.
You feel much better.
Your attacks no longer feel as feeble.
The gnoll sergeant hits you from afar with a +0 glaive!
* * * LOW HITPOINT WARNING * * *
There is an open gate here.
Aiming: Fastroot
Press: ? - help, Shift-Dir - straight line, f/p - gnoll bouda
Aim: a gnoll bouda, wielding a +0 spear and wearing a +0 ring mail (heavily wounded)
The roots erupt in riotous growth!
Roots grab the gnoll sergeant.
The grasping roots constrict the gnoll sergeant, but do no damage.
The gnoll sergeant hits you from afar with a +0 glaive!!
You die...
Your body crumbles into a pile of gold.

♣♣)♣♣ ♣♣♣♣.).♣♣
♣♣.......♣♣♣♣
♣♣♣...........♣♣♣
♣...............♣♣
≈≈≈≈≈≈≈...≈≈≈≈≈≈≈♣♣
≈...............≈≈♣
.................≈♣
######@''######.≈♣
#...# #.≈♣ #g$.#
##≈♣ #.$.# ≈♣ ##g##
≈♣ .g. ≈♣ ..... ≈♣
....... ≈♣
#..$8$..#


You could see a gnoll sergeant (swift, rooted), a gnoll bouda and a gnoll
(swift).

Vanquished Creatures
  Maggie (D:6)
  Grinder (D:4)
  Sigmund (D:6)
  2 steam dragons
  Menkaure (D:6)
  2 ogres
  A bullfrog (D:7)
  A gnoll sergeant (Bailey)
  4 jellies
  3 hounds
  2 sleepcaps (D:5)
  Ijyb (D:3)
  2 iguanas
  6 gnolls
  5 adders
  An ufetubus (D:4)
  2 worms
  A dart slug (D:3)
  5 orcs (D:5)
  A ball python (D:3)
  5 bats
  6 endoplasms
  5 giant cockroaches
  5 goblins
  2 hobgoblins
  10 jackals
  5 quokkas
  3 frilled lizards
  3 kobolds (D:1)
  2 rats
  A spectral goblin (D:3)
90 creatures vanquished.

Vanquished Creatures (collateral kills)
  3 wights (D:6)
  A sleepcap (D:5)
  An iguana (D:5)
  A gnoll (Bailey)
  An orc (D:5)
  A goblin (D:1)
  2 ball pythons (D:1)
  A frilled lizard (D:1)
11 creatures vanquished.

Vanquished Creatures (others)
  A wight (D:5)
  A white imp (D:7)
  A hobgoblin (D:1)
  A jackal (D:1)
4 creatures vanquished.

Grand Total: 105 creatures vanquished

Notes
Turn   | Place    | Note
-------+----------+-------------------------------------------
     0 | D:1      | H0rd4k the Human Artificer began the quest for the Orb.
     0 | D:1      | Reached XP level 1. HP: 15/15 MP: 1/1
    86 | D:1      | Reached XP level 2. HP: 3/21 MP: 2/2
   316 | D:1      | Reached XP level 3. HP: 26/26 MP: 3/3
   802 | D:2      | Reached skill level 1 in Maces & Flails
   802 | D:2      | Reached XP level 4. HP: 16/32 MP: 4/4
   886 | D:2      | Found a faded altar of an unknown god.
  1123 | D:2      | HP: 1/33 [worm (3)]
  1507 | D:3      | Noticed Ijyb
  1509 | D:3      | Killed Ijyb
  1519 | D:3      | Reached XP level 5. HP: 34/38 MP: 5/5
  1645 | D:3      | Found Uwyow's Armour Emporium.
  1978 | D:3      | Found a hazy altar of Hepliaklqana.
  2643 | D:4      | Found a staircase to the Ecumenical Temple.
  2656 | Temple   | Entered the Ecumenical Temple
  2678 | Temple   | Became a worshipper of Gozag Ym Sagoz the Greedy
  2876 | D:4      | Noticed a two-headed ogre
  2876 | D:4      | Noticed a kobold brigand
  3168 | D:4      | Noticed Grinder
  3173 | D:4      | Killed Grinder
  3174 | D:4      | Reached XP level 6. HP: 46/46 MP: 6/6
  3207 | D:4      | Found an ornate altar of the Wu Jian Council.
  3274 | D:5      | Entered Level 5 of the Dungeon
  3293 | D:5      | Noticed an ogre
  3309 | D:5      | Reached XP level 7. HP: 51/51 MP: 7/7
  4270 | D:6      | Noticed Maggie
  4382 | D:6      | Reached skill level 1 in Short Blades
  4447 | D:6      | Your ally Maggie died
  4448 | D:6      | Reached skill level 3 in Short Blades
  4448 | D:6      | Reached XP level 8. HP: 48/61 MP: 8/8
  4494 | D:6      | Found a white marble altar of Elyvilon.
  4524 | D:6      | Noticed Menkaure
  4528 | D:6      | Killed Menkaure
  4598 | D:6      | Reached skill level 4 in Short Blades
  4603 | D:6      | Reached skill level 5 in Evocations
  4678 | D:6      | Found a radiant altar of Vehumet.
  4727 | D:6      | Found a runed translucent door.
  4728 | D:6      | Noticed Crazy Yiuf
  4804 | D:6      | Reached skill level 5 in Fighting
  4952 | D:6      | Noticed Sigmund
  4955 | D:6      | Killed Sigmund
  4956 | D:6      | Reached skill level 5 in Short Blades
  4956 | D:6      | Reached XP level 9. HP: 68/68 MP: 9/9
  4960 | D:6      | Found an ancient bone altar of Kikubaaqudgha.
  5112 | D:7      | Found a burning altar of Makhleb.
  5128 | D:7      | Reached skill level 6 in Short Blades
  5133 | D:7      | Found a flagged portal.
  5168 | Bailey   | Entered a bailey
  5292 | Bailey   | HP: 1/69 [gnoll bouda/+0 spear (7)]
  5296 | Bailey   | Slain by a gnoll sergeant

Illustrated notes

Levels and vault maps discovered:
D:1:      ncdulo_watergridlock, layout_rooms, minmay_pentomino_r2
D:2:      layout_basic, shapermc_ecumenical_altar_starsandcircs
D:3:      layout_basic, nicolae_hepliaklqana_monster_ancestors, serial_shops,
          nicolae_shop_rolling_square, uniq_ijyb
D:4:      layout_rooms, lemuel_coloured_pillars_altar,
          minmay_temple_entry_water_ring, lightli_corner_chamber, uniq_grinder
D:5:      layout_cave_pools
D:6:      layout_gridville, elyvilon_altar_5, mainiacjoe_overflow_alcove_1,
          nicolae_overflow_hidden_temple, uniq_crazy_yiuf_cottage, uniq_sigmund,
          uniq_maggie, uniq_menkaure
D:7:      layout_loops_cross, overflow_temple_1_default, enter_bailey_6
Temple:   compressed_dpeg_circular_temple
Bailey:   bailey_polearm_gnolls_kennysheep, bailey

Skill      XL: |  1  2  3  4  5  6  7  8  9 |
---------------+----------------------------+-----
Maces & Flails | 1 4 |  4.0
Fighting       | 2 4 5 |  5.8
Dodging        | 2 3 |  3.7
Evocations     | 4 5 |  5.5
Short Blades   | 3 5 6 |  6.4
Stealth        | 2 |  2.5
Armour         | |  2.0

Action                     |  1- 3 |  4- 6 |  7- 9 || total
---------------------------+-------+-------+-------++-------
  Melee: Club              |   100 |    45 |       ||   145
         Mace              |       |   109 |       ||   109
         Rapier            |       |       |   163 ||   163
         Punch             |       |       |     3 ||     3
  Evoke: Wand              |     8 |    17 |    14 ||    39
    Use: Potion            |       |       |     6 ||     6
         Scroll            |       |       |     6 ||     6
   Stab: Sleeping          |     2 |       |       ||     2
 Armour: Leather armour    |    51 |    30 |       ||    81
         Scale mail        |       |    52 |    47 ||    99
  Dodge: Dodged            |    90 |   102 |   105 ||   297
